 Dungeon Crawl Stone Soup version 0.20.1-1-g8b1a95d (webtiles) character file.

424 wolfsongas the Cudgeler (level 6, -1/47 HPs)
             Began as a Demonspawn Fighter on Aug 3, 2017.
             Killed from afar by Dowan (19 damage)
             ... with a shard of ice
             ... on level 4 of the Dungeon.
             The game lasted 00:07:15 (3027 turns).

wolfsongas the Cudgeler (Demonspawn Fighter)        Turns: 3027, Time: 00:07:16

Health: -1/47      AC:  6    Str: 19    XL:     6   Next: 64%
Magic:  6/6        EV:  7    Int:  9    God:
Gold:   132        SH: 10    Dex: 12    Spells: 5/5 levels left

rFire    . . .     SeeInvis .   j - +1 hand axe (flame)
rCold    . . .     Gourm    .   c - +1 shield
rNeg     . . .     Faith    .   b - +0 scale mail
rPois    .         Spirit   .   (helmet restricted)
rElec    .         Reflect  .   (no cloak)
rCorr    .         Harm     .   (no gloves)
MR       .....                  (no boots)
Stlth    ..........             (no amulet)
Regen    0.2/turn               (no ring)
MPRegen  0.1/turn               (no ring)

@: no status effects
A: antennae 2, demonic guardian 1
a: no special abilities


You were on level 4 of the Dungeon.
You were full.

You visited 1 branch of the dungeon, and saw 4 of its levels.

You collected 132 gold pieces.

Inventory:

Hand Weapons
 a - a +1 flail
 j - a +1 hand axe of flaming (weapon)
Armour
 b - a +0 scale mail (worn)
 c - a +1 shield (worn)
Scrolls
 d - a scroll of enchant armour
 e - 4 scrolls of amnesia
 h - a scroll of identify
 i - a scroll of magic mapping
 n - a scroll of teleportation
 o - a scroll of remove curse
Comestibles
 f - a bread ration
 g - 6 meat rations


   Skills:
 - Level 3.0 Fighting
 * Level 4.3(5.3) Axes
 - Level 4.6(5.5) Maces & Flails
 - Level 2.6 Armour
 - Level 2.6 Shields


You had 5 spell levels left.
You didn't know any spells.

Dungeon Overview and Level Annotations

Branches:
Dungeon (4/15)
 Temple: D:4-7

Altars:
Nemelex Xobeh

Annotations:
D:4 Dowan


Innate Abilities, Weirdness & Mutations

You have a pair of antennae on your head.
A weak demonic guardian rushes to your aid.


Message History

Your ufetubus disappears in a puff of smoke!
Dowan says, "How can I live without her?"
Dowan hits you with a dagger of protection.
Found 10 gold pieces.
Things that are here:
a short sword; a scale mail; the elf corpse of Duvessa You hit Dowan.
You burn Dowan.
Dowan is almost dead.
Dowan hits you but does no damage. x2
You miss Dowan.
Dowan is almost dead.
Dowan mumbles some strange words.
Dowan blinks!
Unknown command.
Dowan casts a spell at you. You block the stone arrow.
Unknown command.
Dowan gestures at you while chanting. The shard of ice hits you!
You die...

......## ## ..#
.......$.........##.....#
................ .(.##......#####
................ ...#.##........
................ #..#.##........
................ #....##........
...........#....###....##....<...
#.........# #..@.?..............
.<........# #.e.).....##........
.................#........#..####
.÷..........#....#.....##.....†..
.................#.....####.#....
..............$........# #.#....
....................[..# #.##...
..................###### #.# ...
#..###............ #.# ...


You could see Dowan.

Vanquished Creatures
  Grinder (D:4)
  A hound (D:4)
  An iguana (D:4)
  2 adders (D:2)
  5 oozes
  An adder skeleton (D:3)
  3 worms
  4 dart slugs
  4 leopard geckos
  3 orcs (D:3)
  5 giant cockroaches
  5 goblins
  13 hobgoblins
  4 jackals
  10 kobolds
  2 quokkas
  7 bats
  5 frilled lizards
  7 rats
83 creatures vanquished.

Vanquished Creatures (collateral kills)
  Duvessa (D:4)
  A hound (D:4)
  An ooze (D:1)
  2 giant cockroaches (D:1)
  A goblin (D:1)
  3 jackals (D:1)
  A rat (D:1)
10 creatures vanquished.

Grand Total: 93 creatures vanquished

Notes
Turn   | Place    | Note
-------+----------+-------------------------------------------
     0 | D:1      | wolfsongas the Demonspawn Fighter began the quest for the Orb.
     0 | D:1      | Reached XP level 1. HP: 18/18 MP: 1/1
     1 | D:1      | Found a runed door.
    14 | D:1      | Gained mutation: A weak demonic guardian rushes to your aid. [demonic ancestry]
    14 | D:1      | Reached XP level 2. HP: 18/24 MP: 2/2
    37 | D:1      | Gained mutation: You have a pair of small antennae on your head. [demonic ancestry]
    37 | D:1      | Reached XP level 3. HP: 10/29 MP: 3/3
   935 | D:1      | Reached XP level 4. HP: 34/35 MP: 4/4
  1291 | D:2      | Found a sparkling altar of Nemelex Xobeh.
  2250 | D:3      | Reached XP level 5. HP: 35/41 MP: 5/5
  2296 | D:3      | Reached skill level 1 in Axes
  2462 | D:4      | Noticed Grinder
  2474 | D:4      | Killed Grinder
  2474 | D:4      | Gained mutation: You have a pair of antennae on your head. [demonic ancestry]
  2474 | D:4      | Reached XP level 6. HP: 7/47 MP: 6/6
  3000 | D:4      | Noticed Duvessa
  3000 | D:4      | Noticed Dowan
  3022 | D:4      | Killed Duvessa
  3027 | D:4      | Killed from afar by Dowan

Skill      XL: |  1  2  3  4  5  6 |
---------------+-------------------+-----
Maces & Flails | 2 3 4 |  4.6
Axes           | 3 4 |  4.3
Fighting       | |  3.0
Armour         | |  2.6
Shields        | |  2.6

Action                   |  1- 3 |  4- 6 || total
-------------------------+-------+-------++-------
Melee: Flail             |   129 |   111 ||   240
       Hand axe          |       |    83 ||    83
  Use: Potion            |     1 |     2 ||     3
       Scroll            |     2 |     9 ||    11
 Stab: Distracted        |     1 |       ||     1
  Eat: Bread ration      |       |     2 ||     2
       Royal jelly       |       |     2 ||     2
Armor: Scale mail        |    92 |    84 ||   176
Dodge: Dodged            |    31 |    47 ||    78
Block: Shield            |    74 |   106 ||   180
